AoeStats
← the best BO's

Arena

510261235Analyzed
2v2 RM · 2d ago on Sep 30, 2026· 56m 26s· 4 players
Game mode
Random Map
Map size
Medium (4 player)
Population
200
Speed
Normal
Resources
Standard
Victory
Conquest
Starting age
Dark Age
Ending age
Imperial Age
RankedLock teamsTeams togetherTeam positionsShared explorationLock speedFull tech treeHidden civsTurbo modeCheats
Victory
Defeat
🇳🇱 Spanish · Netherlands
1826
+10
🇺🇸 Poles · United States
1557
+20
🇦🇷 Teutons · Argentina
1684
-16
🇦🇷 Danes · Argentina
1653
-14
PWLG | Legend
5:44 Loom
8:04 Feudal Age
10:27 Double-Bit Axe
13:01 Wheelbarrow
12:49 Town Watch
14:09 Fletching
22:59 Castle Age
21:20 Stone Mining
23:59 Bow Saw
31:40 Horse Collar
34:47 Coinage
53:01 Gold Mining
the best BO's
8:01 Feudal Age
8:55 Loom
9:49 Double-Bit Axe
14:50 Fletching
19:15 Town Watch
22:57 Castle Age
22:48 Horse Collar
24:51 Bow Saw
27:34 Wheelbarrow
33:54 Imperial Age
31:46 Hand Cart
31:53 Gold Mining
31:56 Stone Mining
35:43 Chemistry
34:51 Siege Engineers
35:35 Scale Mail Armor
36:26 Forging
36:46 Chain Mail Armor
37:03 Fortified Wall
40:14 Bodkin Arrow
40:40 Ballistics
40:29 Heavy Mounted Crossbowman
41:25 Padded Archer Armor
42:47 Leather Archer Armor
43:14 Bloodlines
44:01 Ring Archer Armor
43:00 Elite Skirmisher
45:06 Cavalier
45:53 Scale Barding Armor
46:23 Iron Casting
46:42 Paladin
48:33 Chain Barding Armor
50:05 Plate Barding Armor
rconant93
8:37 Loom
10:22 Feudal Age
12:21 Fletching
20:54 Castle Age
20:17 Double-Bit Axe
22:07 Bodkin Arrow
25:11 Wheelbarrow
26:22 Horse Collar
27:55 Hand Cart
32:31 Imperial Age
30:38 Scale Mail Armor
30:57 Bow Saw
31:53 Chain Mail Armor
32:42 Town Watch
33:09 Forging
33:11 Capped Ram
33:24 Elite Obuch
34:05 Gold Mining
34:45 Siege Ram
38:51 Chemistry
37:43 Heavy Mounted Crossbowman
38:25 Bracer
38:26 Padded Archer Armor
38:33 Thumb Ring
42:49 Siege Engineers
43:48 Ballistics
45:18 Leather Archer Armor
48:06 Guard Tower
47:57 Treadmill Crane
48:28 Masonry
47:44 Light Cavalry
48:35 Bloodlines
49:26 Scale Barding Armor
53:01 Chain Barding Armor
54:33 Husbandry
55:12 Iron Casting
54:42 Winged Hussar
Ceeelebrate
9:08 Loom
10:54 Feudal Age
14:51 Castle Age
13:27 Double-Bit Axe
13:47 Horse Collar
15:47 Bow Saw
20:35 Wheelbarrow
26:48 Horse Collar
29:14 Padded Archer Armor
34:52 Imperial Age
32:21 Gold Mining
33:09 Bloodlines
35:08 Leather Archer Armor
34:58 Elite Conquistador
35:45 Husbandry
37:09 Ring Archer Armor
38:02 Two-Man Saw
37:04 Heavy Plow
38:59 Hand Cart
38:29 Town Watch
40:15 Capped Ram
41:35 Siege Ram
43:13 Fletching
48:30 Sappers
49:21 Conscription
50:51 Bodkin Arrow
52:56 Town Patrol
52:51 Stone Mining
55:40 Supremacy
55:42 Masonry
55:54 Ballistics
55:36 Bracer
Connection lost

Rejoining the realm…

Still unreachable

The connection could not be restored.

Session expired

The server has moved on; the page needs a fresh start.